 Dungeon Crawl Stone Soup version 0.19.1 (webtiles) character file.

1011 CanadianGator the Shield-Bearer (level 8, -7/61 HPs)
             Began as a Formicid Fighter on Dec 21, 2016.
             Was a Follower of Elyvilon.
             Mangled by an orc warrior
             ... wielding a +0 flail
              (12 damage)
             ... on level 6 of the Dungeon.
             The game lasted 00:12:26 (4783 turns).

CanadianGator the Shield-Bearer (Formicid Fighter)  Turns: 4783, Time: 00:12:26

Health: -7/61      AC: 10    Str: 21    XL:     8   Next: 44%
Magic:  5/8        EV: 10    Int: 13    God:    Elyvilon [*.....]
Gold:   253        SH: 10    Dex: 12    Spells: 0 memorised, 7 levels left

rFire  . . .     SeeInvis +     a - +0 quarterstaff
rCold  . . .     Gourm    .     b - +0 scale mail
rNeg   . . .     Faith    .     c - +0 shield
rPois  .         Spirit   .     (helmet unavailable)
rElec  .         Reflect  .     u - +0 cloak
rCorr  .         Harm     .     l - +0 pair of gloves
MR     .....                    o - +0 pair of boots
Stlth  ..........               (no amulet)
                                (no ring)
                                p - +5 ring of intelligence

@: drained
A: permanent stasis, dig shafts and tunnels, four strong arms, antennae 3
a: Dig, Shaft Self, Lesser Healing, Divine Protection, Renounce Religion


You were on level 6 of the Dungeon.
You worshipped Elyvilon.
Elyvilon was aware of your devotion.
You were not hungry.

You visited 2 branches of the dungeon, and saw 7 of its levels.

You collected 279 gold pieces.
You donated 26 gold pieces to Zin.

Inventory:

Hand Weapons
 a - a +0 quarterstaff (weapon)
 g - a +0 hand axe
 i - a cursed +3 mace
 q - a +0 morningstar
Armour
 b - a +0 scale mail (worn)
 c - a +0 shield (worn)
 l - a +0 pair of gloves (worn)
 o - a +0 pair of boots (worn)
 u - a +0 cloak (worn)
Jewellery
 e - an uncursed ring of ice
 m - an uncursed ring of stealth
 p - a +5 ring of intelligence (left hand)
Wands
 v - a wand of flame (15/48)
Scrolls
 d - a scroll of enchant armour {unknown}
 h - a scroll of enchant weapon {unknown}
 j - 2 scrolls of fog
 s - 3 scrolls of remove curse
 t - a scroll of fear
 x - a scroll of noise {unknown}
 A - a scroll of amnesia
Comestibles
 f - 2 bread rations
 k - a meat ration
 r - 2 chunks of flesh
 B - a beef jerky


   Skills:
 + Level 4.6(4.1) Fighting
 + Level 3.1(2.8) Axes
 + Level 1.3(3.1) Maces & Flails
 + Level 4.0(3.6) Staves
 + Level 5.0(4.6) Armour
 + Level 2.6(2.2) Dodging
 * Level 7.1(6.6) Shields


You had 7 spell levels left.
You didn't know any spells.

Dungeon Overview and Level Annotations

Branches:
Dungeon (6/15)             Temple (1/1) D:5

Altars:
Ashenzari
Cheibriados
Dithmenos
Elyvilon
Gozag
Nemelex Xobeh
Okawaru
Qazlal
Sif Muna
Uskayaw
Vehumet
Xom
Zin
The Shining One


Innate Abilities, Weirdness & Mutations

You are under a permanent stasis effect.
You can dig through walls and to a lower floor.
Your four strong arms can wield two-handed weapons with a shield.
You have a pair of large antennae on your head. (SInv)


Message History

The orc warrior hits you with a flail!
You hit the orc warrior but do no damage.
The orc warrior is moderately wounded.
The orc warrior closely misses you.
You hit the orc warrior.
The orc warrior is moderately wounded.
The orc warrior hits you with a flail.
* * * LOW HITPOINT WARNING * * *
You hit the orc warrior but do no damage.
The orc warrior is moderately wounded.
The orc warrior hits you with a flail.
* * * LOW HITPOINT WARNING * * *
You closely miss the orc warrior.
The orc warrior is moderately wounded.
You are healed.
You feel somewhat more hungry. The orc warrior hits you with a flail!
* * * LOW HITPOINT WARNING * * *
You are healed.
You feel somewhat more hungry. The orc warrior hits you with a flail!
You die...

#.#.#.##{....
#.#..o.{.o##.
#.###.###.##.
#######.###.#
#.##.
######........o..#
#.##.
..............####
#.##.
######.####..#
#)... #o# #).#
###.. #@####..#
#.. #.......# #).
........###..# #..
<........ #>.#
######..
........#.
.......<
........#..
........ ......#..
.. ........
......### ##.
######.. ...... .#
#..


You could see an orc warrior.

Vanquished Creatures
  2 centaurs
  An ogre (D:5)
  2 bullfrogs (D:6)
  3 wights (D:6)
  A crimson imp (D:5)
  A centaur zombie (D:5)
  3 bullfrog skeletons (D:5)
  3 orc wizards (D:5)
  An iguana (D:5)
  5 worker ants
  A hound skeleton (D:5)
  6 adders
  An adder skeleton (D:5)
  5 worms
  A dart slug (D:2)
  3 leopard geckos
  12 orcs
  A ball python (D:2)
  3 bats
  4 giant cockroaches
  3 goblins
  4 hobgoblins
  2 jackals (D:1)
  6 kobolds
  A quokka (D:2)
  6 frilled lizards
  A jackal skeleton (D:5)
  4 rats
86 creatures vanquished.

Notes
Turn   | Place    | Note
-------+----------+-------------------------------------------
     0 | D:1      | CanadianGator the Formicid Fighter began the quest for the Orb.
     0 | D:1      | Reached XP level 1. HP: 18/18 MP: 1/1
   363 | D:1      | Reached XP level 2. HP: 23/24 MP: 2/2
   725 | D:2      | Found a glowing silver altar of Zin.
   764 | D:2      | Reached skill level 4 in Shields
   764 | D:2      | Reached XP level 3. HP: 21/29 MP: 3/3
   909 | D:2      | Became a worshipper of Zin the Law-Giver
   966 | D:2      | Reached * piety under Zin
  1036 | D:2      | Reached XP level 4. HP: 18/35 MP: 4/4
  1202 | D:2      | Found a stormy altar of Qazlal.
  1312 | D:2      | Found a faded altar of an unknown god.
  1312 | D:2      | Found a faded altar of an unknown god.
  1317 | D:2      | Found a faded altar of an unknown god.
  1319 | D:2      | Found a deep blue altar of Sif Muna.
  1322 | D:2      | Found a sparkling altar of Nemelex Xobeh.
  1764 | D:3      | Reached skill level 1 in Axes
  2006 | D:3      | Found an opulent altar of Gozag.
  2012 | D:3      | Reached ** piety under Zin
  2199 | D:4      | Noticed a centaur
  2216 | D:4      | Killed a centaur
  2216 | D:4      | Reached skill level 1 in Dodging
  2216 | D:4      | Reached skill level 5 in Shields
  2216 | D:4      | Reached XP level 5. HP: 8/41 MP: 5/5
  2725 | D:4      | Reached XP level 6. HP: 48/48 MP: 6/6
  2749 | D:4      | Found a radiant altar of Vehumet.
  2954 | D:5      | Entered Level 5 of the Dungeon
  3012 | D:5      | Noticed an ogre
  3022 | D:5      | Killed an ogre
  3023 | D:5      | Reached XP level 7. HP: 33/54 MP: 7/7
  3120 | D:5      | Reached skill level 6 in Shields
  3399 | D:5      | Found an iron altar of Okawaru.
  3589 | D:5      | Reached *** piety under Zin
  3630 | D:5      | Reached XP level 8. HP: 35/61 MP: 8/8
  3777 | D:5      | Found a staircase to the Ecumenical Temple.
  3887 | Temple   | Entered the Ecumenical Temple
  3977 | Temple   | Fell from the grace of Zin
  3977 | Temple   | Became a worshipper of Elyvilon the Healer
  3977 | Temple   | Reached * piety under Elyvilon
  4561 | D:6      | Reached skill level 5 in Armour
  4573 | D:6      | Reached skill level 1 in Maces & Flails
  4726 | D:6      | Reached skill level 7 in Shields
  4782 | D:6      | HP: 1/61 [orc warrior/flail (13)]
  4783 | D:6      | Mangled by an orc warrior

Skill      XL: |  1  2  3  4  5  6  7  8 |
---------------+-------------------------+-----
Shields        | 4 5 6 7 |  7.1
Axes           | 1 2 3 |  3.1
Armour         | 4 5 |  5.0
Dodging        | 1 2 |  2.6
Staves         | 3 4 |  4.0
Fighting       | 4 |  4.6
Maces & Flails | 1 |  1.3

Action                   |  1- 3 |  4- 6 |  7- 9 || total
-------------------------+-------+-------+-------++-------
Melee: Quarterstaff      |    84 |   122 |   175 ||   381
Invok: Lesser Healing    |       |       |     6 ||     6
  Use: Potion            |       |     5 |     8 ||    13
       Scroll            |       |       |     8 ||     8
  Eat: Chunk             |       |     4 |     3 ||     7
       Royal jelly       |       |     1 |       ||     1
       Meat ration       |       |       |     1 ||     1
Armor: Scale mail        |    34 |    45 |    47 ||   126
       Skin              |       |       |    22 ||    22
Dodge: Dodged            |    28 |    48 |    51 ||   127
Block: Shield            |    49 |    69 |    94 ||   212
